 Dungeon Crawl Stone Soup version 0.27.1-1-g398f81649c (webtiles) character file.

Game seed: 4591655179201337216

575 Gwenloh the Skirmisher (level 7, -2/58 HPs)
             Began as a Palentonga Warper on Sept 7, 2021.
             Was an Initiate of Okawaru.
             Slain by a gnoll (9 damage)
             ... on level 5 of the Dungeon.
             The game lasted 00:14:22 (5018 turns).

Gwenloh the Skirmisher (Palentonga Warper)          Turns: 5018, Time: 00:14:22

Health: -2/58      AC: 11    Str: 14    XL:     7   Next: 12%
Magic:  10/10      EV:  9    Int: 13    God:    Okawaru [......]
Gold:   78         SH:  0    Dex: 18    Spells: 8/10 levels left

rFire    + . .     SeeInvis +   e - +3 quarterstaff (spect)
rCold    . . .     Faith    +   (shield currently unavailable)
rNeg     . . .     Spirit   .   y - +0 leather armour {rF+}
rPois    .         Reflect  .   (no helmet)
rElec    .         Harm     .   (no cloak)
rCorr    +         Rampage  .   (no gloves)
Will     .....                  (no barding)
Stlth    +.........             s - amulet of faith
HPRegen  0.19/turn              j - ring of resist corrosion
MPRegen  0.12/turn              n - +6 ring of dexterity

@: curled up
A: large, rugged brown scales 3, see invisible, deformed body, roll 1, armoured
tail, reflexive curl
a: Rolling Charge, Renounce Religion


You were on level 5 of the Dungeon.
You worshipped Okawaru.
Okawaru was noncommittal.
You visited 2 branches of the dungeon, and saw 6 of its levels.

You collected 78 gold pieces.

Inventory:

Hand Weapons
 a - a +0 hand axe
 e - a +3 spectral quarterstaff (weapon)
Missiles
 d - 5 boomerangs of dispersal
 g - 30 stones
 k - 10 boomerangs (quivered)
 o - 21 sling bullets
Armour
 b - a +0 leather armour
 y - a +0 leather armour of fire resistance (worn)
Magical Staves
 p - a staff of air
Jewellery
 f - a ring of poison resistance
 j - a ring of resist corrosion (left hand)
 n - a +6 ring of dexterity (right hand)
 s - an amulet of faith (around neck)
Scrolls
 c - 2 scrolls of blinking
 h - a scroll of amnesia {unknown}
 i - a scroll of magic mapping
 l - a scroll of fog
 q - a scroll of teleportation
 r - a scroll of enchant armour {unknown}
 x - a scroll of immolation {unknown}
Potions
 m - a potion of degeneration {unknown}
 t - a potion of haste {unknown}
 u - a potion of magic {unknown}
 v - a potion of invisibility {unknown}
 w - a potion of might {unknown}


   Skills:
 + Level 4.7 Fighting
 - Level 2.2 Axes
 + Level 4.1 Staves
 - Level 0.6 Throwing
 + Level 3.5 Armour
 - Level 1.5 Dodging
 - Level 2.0 Spellcasting
 - Level 3.0 Translocations


You had 8 spell levels left.
You knew the following spells:

 Your Spells              Type           Power      Damage    Failure   Level
a - Blink                 Tloc           N/A        N/A       14%         2

Your spell library contained the following spells:

 Spells                   Type           Power      Damage    Failure   Level
 Gell's Gravitas          Tloc           4%         N/A       26%         3
 Lesser Beckoning         Tloc           4%         N/A       26%         3
 Teleport Other           Tloc           9%         N/A       26%         3
 Static Discharge         Conj/Air       1%         N/A       43%         2
 Sublimation of Blood     Necr           0%         N/A       43%         2
 Wereblood                Tmut           1%         N/A       43%         2
 Ozocubu's Armour         Ice            1%         N/A       67%         3
 Iskenderun's Mystic Bla  Conj/Tloc      5%         2d3       86%         4
 Manifold Assault         Tloc           9%         N/A       94%         5
 Dispel Undead            Necr           1%         3d6       97%         4
 Fulminant Prism          Conj/Hex       0%         3d6       97%         4
 Sticky Flame             Conj/Fire      1%         2d3       97%         4
 Lee's Rapid Deconstruct  Erth           0%         3d5*      100%        5
 Ozocubu's Refrigeration  Ice            0%         4d5       100%        7
 Summon Hydra             Summ           0%         N/A       100%        7


Dungeon Overview and Level Annotations

Branches:
Dungeon (5/15)             Temple (1/1) D:4

Altars:
Ashenzari
Cheibriados
Dithmenos
Elyvilon
Fedhas
Gozag
Hepliaklqana
Makhleb
Nemelex Xobeh
Okawaru
Qazlal
Ru
Sif Muna
Trog
Uskayaw
Vehumet
Wu Jian
Xom
Yredelemnul
Zin
The Shining One

Annotations:
D:4 Sigmund


Innate Abilities, Weirdness & Mutations

You are completely covered in rugged brown scales. (AC +3, +7% HP)
You have supernaturally acute eyesight. (SInv)
Armour fits poorly on your strangely shaped body.
You can roll at nearby foes to attack.
You have a long armoured tail.
You curl defensively after being hit.


Message History

The gnoll hits you but does no damage.
You are too injured to fight recklessly!
You are too injured to fight recklessly!
You closely miss the gnoll.
Your +3 spectral quarterstaff barely misses the gnoll.
The howler monkey hoots and howls with incredible vigour!
The gnoll hits you with a +0 club. The gnoll closely misses you.
The gnoll hits you with a +0 spear.
You hear a shout!
You thump the wyvern skeleton!
The wyvern skeleton is moderately damaged.
Your +3 spectral quarterstaff hits the wyvern skeleton!
The wyvern skeleton barely misses your +3 spectral quarterstaff.
The gnoll barely misses you. The gnoll hits you but does no damage.
The gnoll hits you with a +0 club.
* * * LOW HITPOINT WARNING * * *
You hit the wyvern skeleton.
The wyvern skeleton is almost destroyed.
Your +3 spectral quarterstaff hits the wyvern skeleton.
You destroy the wyvern skeleton!
Okawaru accepts your kill. The gnoll hits you with a +0 club.
* * * LOW HITPOINT WARNING * * *
The gnoll hits you with a +0 spear.
* * * LOW HITPOINT WARNING * * *
The gnoll hits you but does no damage.
The howler monkey closely misses your +3 spectral quarterstaff.
Your Staves skill increases to level 4!
You hit the gnoll.
The gnoll is lightly wounded.
Your +3 spectral quarterstaff hits the gnoll but does no damage.
The howler monkey hoots and howls with incredible vigour!
The gnoll completely misses you. The gnoll hits you with a +0 club.
* * * LOW HITPOINT WARNING * * *
The gnoll closely misses you.
You sock the gnoll!
You kill the gnoll!
Okawaru accepts your kill. The gnoll hits you with a +0 spear!
You die...

##
##..######
#......§g#
♣..h@)#
#.....g.)#
##..######
##


You could see a howler monkey and 2 gnolls.

Vanquished Creatures
  A scorpion (D:4)
  A wyvern skeleton (D:5)
  3 orc priests
  A bullfrog skeleton (D:3)
  A gnoll shaman (D:5)
  Jessica (D:2)
  An iguana (D:4)
  3 orc wizards
  A hound skeleton (D:4)
  2 gnolls (D:5)
  9 adders
  An ufetubus (D:2)
  2 dart slugs
  6 orcs
  10 endoplasms
  2 giant cockroaches (D:3)
  5 goblins
  2 hobgoblins
  3 jackals (D:1)
  6 kobolds
  4 quokkas
  9 ball pythons
  4 bats
  2 frilled lizards
  9 rats
89 creatures vanquished.

Notes
Turn   | Place    | Note
-------+----------+-------------------------------------------
     0 | D:1      | Gwenloh the Palentonga Warper began the quest for the Orb.
     0 | D:1      | Reached XP level 1. HP: 17/17 MP: 3/3
   335 | D:1      | Reached skill level 1 in Armour
   435 | D:1      | Reached XP level 2. HP: 23/23 MP: 5/5
   438 | D:1      | Learned a level 2 spell: Blink
   467 | D:1      | Found a faded altar of an unknown god.
   819 | D:1      | Reached skill level 1 in Staves
  1186 | D:2      | Reached XP level 3. HP: 27/29 MP: 6/6
  1430 | D:2      | Reached XP level 4. HP: 36/37 MP: 7/7
  1692 | D:2      | Noticed Jessica
  1695 | D:2      | Killed Jessica
  1774 | D:2      | Reached XP level 5. HP: 36/43 MP: 8/8
  3546 | D:4      | Reached XP level 6. HP: 44/51 MP: 9/9
  3610 | D:4      | Noticed Sigmund
  4709 | D:4      | Found a staircase to the Ecumenical Temple.
  4720 | Temple   | Entered the Ecumenical Temple
  4979 | Temple   | Became a worshipper of Warmaster Okawaru
  5011 | D:5      | Entered Level 5 of the Dungeon
  5013 | D:5      | Gained mutation: You curl defensively after being hit.
                  | [Palentonga growth]
  5013 | D:5      | Reached XP level 7. HP: 41/58 MP: 10/10
  5018 | D:5      | Slain by a gnoll

Illustrated notes

Levels and vault maps discovered:
D:1:      lemuel_arrival_broad_hall, layout_basic,
          hellmonk_ecumenical_altar_prayer_group
D:2:      layout_rooms, uniq_jessica
D:3:      layout_loops_ring, serial_aquarium, aquarium_bridge_island_small
          [aquarium_subvault_small_water, aquarium_subvault_bridge,
          aquarium_subvault_window, aquarium_subvault_bridge,
          aquarium_subvault_bridge], aquarium_window_fake,
          aquarium_window_corner, aquarium_window_2, aquarium_view_2b,
          aquarium_pool_double, grunt_ministairs_5
D:4:      layout_loops_ring, tgw_kikubaaqudgha, minmay_temple_entry_slanted,
          cheibrodos_sewer_entry_drain, serial_shops, nicolae_shop_waterfront,
          uniq_sigmund
D:5:      layout_rooms, grunt_ministairs_14, st_stairs_11, minivault_4,
          nrook_pool_corridor
Temple:   nicolae_temple_the_god_donut

Skill      XL: |  1  2  3  4  5  6  7 |
---------------+----------------------+-----
Armour         | 1 2 3 |  3.5
Staves         | 1 2 3 4 |  4.1
Fighting       | 3 4 |  4.7
Axes           | |  2.2
Throwing       | |  0.6
Dodging        | |  1.5
Spellcasting   | |  2.0
Translocations | |  3.0

Action                   |  1- 3 |  4- 6 |  7- 9 || total
-------------------------+-------+-------+-------++-------
Melee: Hand axe          |    12 |       |       ||    12
       Quarterstaff      |    30 |   119 |     6 ||   155
       Tailslap          |     3 |    14 |       ||    17
Throw: Stone             |    11 |       |       ||    11
       Boomerang         |    21 |    27 |       ||    48
 Cast: Blink             |       |     1 |       ||     1
 Abil: Rolling Charge    |     7 |    10 |       ||    17
  Use: Scroll            |       |     6 |       ||     6
 Stab: Sleeping          |       |     3 |       ||     3
Armor: Leather armour    |    10 |    28 |     3 ||    41
Dodge: Dodged            |    14 |    32 |     4 ||    50
